 Dungeon Crawl Stone Soup version 0.22-a0-149-g870e420 (webtiles) character file.

1345 Amnesiac the Digger (level 8, -3/52 HPs)
             Began as a Mummy Earth Elementalist on Feb 7, 2018.
             Slain by a bullfrog (8 damage)
             ... on level 5 of the Dungeon.
             The game lasted 00:07:28 (5859 turns).

Amnesiac the Digger (Mummy Earth Elementalist)      Turns: 5859, Time: 00:07:28

Health: -3/52      AC:  4    Str: 12    XL:     8   Next: 36%
Magic:  3/19       EV: 13    Int: 16    God:
Gold:   260        SH:  0    Dex: 17    Spells: 9/21 levels left

rFire    x . .     SeeInvis .   t - +1 flail (crush)
rCold    + . .     Gourm    .   (no shield)
rNeg     + + +     Faith    .   g - +0 robe {MR+}
rPois    ∞         Spirit   .   (no helmet)
rElec    .         Reflect  .   (no cloak)
rCorr    .         Harm     .   p - +0 pair of gloves
MR       ++...                  r - +0 pair of boots
Stlth    ++........             (no amulet)
HPRegen  0.17/turn              a - +5 ring of dexterity
MPRegen  0.16/turn              (no ring)

@: no status effects
A: no food or potions, fire vulnerability, cold resistance 1, negative energy
resistance 3, torment resistance, unbreathing
a: no special abilities


You were on level 5 of the Dungeon.
You were not hungry.

You visited 1 branch of the dungeon, and saw 6 of its levels.
You also visited: Sewer.

You collected 260 gold pieces.

Inventory:

Hand Weapons
 n - a +0 trident
 t - a +1 flail of crushing (weapon)
 u - a cursed -2 dagger
 x - a +2 dagger of venom
Missiles
 b - 61 stones (quivered)
 h - 16 poisoned needles
 B - 4 curare-tipped needles
Armour
 g - a +0 robe of magic resistance (worn)
 p - a +0 pair of gloves (worn)
 r - a +0 pair of boots (worn)
 z - a +0 buckler
 A - a +2 hat
Magical Staves
 y - an uncursed staff of conjuration {unknown}
Jewellery
 a - a +5 ring of dexterity (left hand)
 o - an uncursed amulet of the gourmand {unknown}
 v - an uncursed ring of protection from fire {unknown}
Wands
 w - a wand of paralysis (16)
Scrolls
 c - 2 scrolls of noise {!r, unknown}
 e - a scroll of blinking {!r, unknown}
 f - 3 scrolls of identify {!r, unknown}
 i - a scroll of enchant weapon {!r, unknown}
 j - 5 scrolls of remove curse {!r, unknown}
 k - 3 scrolls of amnesia {!r, unknown}
 l - 3 scrolls of fog {!r, unknown}
 m - 2 scrolls of random uselessness {!r, unknown}
 q - a scroll of fear {!r, unknown}
 s - 3 scrolls of teleportation {!r, unknown}
Books
 d - a book of Geomancy

   Spells                             Type                      Level
   a - Sandblast                      Earth                        1
   b - Passwall                       Transmutation/Earth          2
   c - Stone Arrow                    Conjuration/Earth            3
   d - Petrify                        Transmutation/Earth          4
   e - Lee's Rapid Deconstruction     Earth                        5


   Skills:
 - Level 2.0 Dodging
 - Level 1.6 Stealth
 + Level 7.4 Spellcasting
 - Level 0.7 Transmutations
 * Level 7.4 Earth Magic


You had 9 spell levels left.
You knew the following spells:

 Your Spells              Type           Power        Failure   Level  Hunger
a - Sandblast             Erth           ####..       1%          1    N/A
b - Passwall              Tmut/Erth      ###.......   3%          2    N/A
d - Lee's Rapid Deconstr  Erth           ####......   16%         5    N/A
e - Petrify               Tmut/Erth      ###.....     22%         4    N/A

Dungeon Overview and Level Annotations

Branches:
Dungeon (6/15)
 Temple: D:4-7

Altars:
Yredelemnul

Annotations:
D:5 exclusion: downstairs


Innate Abilities, Weirdness & Mutations

You do not eat or drink.
Your flesh is vulnerable to fire.
You are immune to poison.
Your flesh is cold resistant. (rC+)
You are immune to negative energy. (rN+++)
You are immune to unholy pain and torment.
You can survive without breathing.


Message History

The bullfrog barely misses you. The scorpion stings you. The bullfrog hits you.
A bullfrog and a worker ant come into view.
The worker ant waves its antennae.
The bullfrog croaks.
You hear a shout!
The bullfrog hits you but does no damage. x2
The bullfrog hits you.
The electric eel shoots out a bolt of lightning at you!
The bolt of electricity misses you.
The worker ant twitches its antennae in your direction.
An ogre comes into view. It is wielding a giant club.
The orc misses you. The bullfrog completely misses you.
The bullfrog barely misses you. The bullfrog hits you!
* * * LOW HITPOINT WARNING * * *
The bullfrog closely misses you.
There is an escape hatch in the ceiling here.
The bullfrog completely misses you. The bullfrog misses you.
The orc hits you with a hand axe.
* * * LOW HITPOINT WARNING * * *
The bullfrog closely misses you. The bullfrog hits you.
* * * LOW HITPOINT WARNING * * *
A mysterious force pulls you upwards. The hatch slams shut behind you.
Level annotation: exclusion: downstairs
Casting: Sandblast (safe; 1% risk of failure)
Confirm with . or Enter, or press ? or * to list all spells.
Aiming: Lee's Rapid Deconstruction (quite dangerous; 17% risk of failure)
Press: ? - help, Dir - move target cursor
Okay, then.
The bullfrog hits you.
* * * LOW HITPOINT WARNING * * *
The bullfrog hits you but does no damage.
Casting: Lee's Rapid Deconstruction (quite dangerous; 17% risk of failure)
Confirm with . or Enter, or press ? or * to list all spells.
Aiming: Lee's Rapid Deconstruction (quite dangerous; 17% risk of failure)
Press: ? - help, Dir - move target cursor The wall shatters!
The blast of rock fragments hits the bullfrog.
The bullfrog is severely wounded.
The blast of rock fragments hits the orc.
You kill the orc!
The bullfrog barely misses you.
The bullfrog hits you but does no damage. x2
Unknown command.
Casting: Lee's Rapid Deconstruction (quite dangerous; 17% risk of failure)
Confirm with . or Enter, or press ? or * to list all spells.
Aiming: Lee's Rapid Deconstruction (quite dangerous; 17% risk of failure)
Press: ? - help, Dir - move target cursor The wall shatters!
The blast of rock fragments hits the bullfrog.
You kill the bullfrog!
The bullfrog closely misses you. The bullfrog barely misses you.
Unknown command.
Casting: Lee's Rapid Deconstruction (quite dangerous; 16% risk of failure)
Confirm with . or Enter, or press ? or * to list all spells.
Aiming: Lee's Rapid Deconstruction (quite dangerous; 16% risk of failure)
Press: ? - help, Dir - move target cursor The wall shatters!
The blast of rock fragments hits the bullfrog.
The bullfrog is almost dead.
The bullfrog hits you.
* * * LOW HITPOINT WARNING * * *
The bullfrog hits you!
You die...

####.....# #.....#
####### ##'####
#...... #.# #......
#.# #...... #.#
###...... #.#
#.....### #.#
###########.....# #.#
#.@F)...........#
######'###
#...............###
#........#
#............)..#..
#........#
#...............#..
#........#
#...............#..
#........#
#...............'..
#........#
##########......#..
###........##########
#.######..
....................#
#.# #..


You could see a bullfrog.

Vanquished Creatures
  Sigmund (D:2)
  The ghost of mortelune the Skirmisher, an amateur DsAK of Lugonu (D:4)
  An ice beast (D:5)
  A phantom (D:5)
  3 bullfrogs
  A crimson imp (D:5)
  2 hounds
  4 orc wizards (D:4)
  A jelly (D:5)
  Jessica (D:2)
  2 iguanas
  A howler monkey skeleton (D:5)
  5 river rats (D:4)
  15 adders
  9 oozes
  An adder zombie (D:3)
  An adder skeleton (D:4)
  A worm (D:2)
  14 leopard geckos
  12 orcs
  3 bats
  14 giant cockroaches
  5 goblins
  6 hobgoblins
  2 jackals (D:2)
  3 quokkas
  13 ball pythons
  14 frilled lizards
  A jackal zombie (D:6)
  5 kobolds
  A leopard gecko skeleton (D:5)
  5 rats
149 creatures vanquished.

Notes
Turn   | Place    | Note
-------+----------+-------------------------------------------
     0 | D:1      | Amnesiac the Mummy Earth Elementalist began the quest for the Orb.
     0 | D:1      | Reached XP level 1. HP: 13/13 MP: 4/4
   577 | D:1      | Reached XP level 2. HP: 19/19 MP: 3/5
   581 | D:1      | Learned a level 2 spell: Passwall
   778 | D:2      | Noticed Jessica
   781 | D:2      | Killed Jessica
   781 | D:2      | Reached XP level 3. HP: 20/24 MP: 3/7
   996 | D:2      | Reached XP level 4. HP: 13/30 MP: 4/9
  1027 | D:2      | Learned a level 4 spell: Petrify
  1245 | D:2      | Noticed Sigmund
  1256 | D:2      | Killed Sigmund
  1256 | D:2      | Reached XP level 5. HP: 20/35 MP: 4/11
  1264 | D:2      | Learned a level 5 spell: Lee's Rapid Deconstruction
  1986 | D:3      | Reached XP level 6. HP: 41/41 MP: 13/13
  2817 | D:4      | Reached skill level 5 in Spellcasting
  2817 | D:4      | Reached skill level 5 in Earth Magic
  2980 | D:4      | Found a basalt altar of Yredelemnul.
  3097 | D:4      | Found a glowing drain.
  3133 | Sewer    | Entered a sewer
  3260 | Sewer    | Reached XP level 7. HP: 44/46 MP: 15/15
  4311 | D:4      | Noticed mortelune's ghost (amateur DsAK)
  4360 | D:4      | Killed mortelune's ghost
  4597 | D:5      | Entered Level 5 of the Dungeon
  4794 | D:5      | Reached XP level 8. HP: 15/52 MP: 14/18
  5859 | D:5      | Slain by a bullfrog

Vault maps used:
D:1:      ncdulo_halloftheorcs
D:2:      minmay_close_crescents, uniq_jessica, uniq_sigmund
D:4:      portal_sewer_entry_e, first_ration, yredelemnul_altar_generic
D:6:      kennysheep_mini, serial_bayou, serial_bayou_pond_b,
          serial_bayou_pond_b, serial_bayou_pond_d, serial_bayou_pond_d,
          serial_bayou_pond_d, serial_bayou_crossing
Sewer:    sewer_frog_island_02

Skill      XL: |  1  2  3  4  5  6  7  8 |
---------------+-------------------------+-----
Dodging        | 2 |  2.0
Spellcasting   | 3 4 5 6 7 |  7.4
Earth Magic    | 3 4 5 6 7 |  7.4
Stealth        | |  1.6
Transmutations | |  0.7

Action                   |  1- 3 |  4- 6 |  7- 9 || total
-------------------------+-------+-------+-------++-------
Melee: Spear             |    52 |     7 |       ||    59
       Trident           |       |   117 |       ||   117
       Flail             |       |    13 |   213 ||   226
 Cast: Sandblast         |    12 |    57 |    35 ||   104
       Petrify           |       |     1 |       ||     1
       Lee's Rapid Decon |       |       |     6 ||     6
 Stab: Sleeping          |     2 |     7 |       ||     9
       Petrified         |       |    11 |       ||    11
       Petrifying        |       |     1 |       ||     1
Armor: Robe              |    10 |    17 |   110 ||   137
Dodge: Dodged            |    30 |   106 |   330 ||   466

Table legend:
 A = Spawn XP
 B = Non-spawn XP
 C = Spawn XP percentage of total XP
 D = Spawn monster count
 E = Non-spawn monster count
 F = Spawn count percentage of total count
 G = Total turns spent on level
                    A         B        C        D         E        F      G
               +---------+---------+-------+---------+---------+-------+---------
         Total |       0 |    1922 |   0.0 |       0 |     149 |   0.0 |  5859
               +---------+---------+-------+---------+---------+-------+---------
           D:1 |       0 |      14 |   0.0 |       0 |       9 |   0.0 |   689
           D:2 |       0 |     350 |   0.0 |       0 |      32 |   0.0 |  1255
           D:3 |       0 |      32 |   0.0 |       0 |       8 |   0.0 |   628
           D:4 |       0 |     577 |   0.0 |       0 |      30 |   0.0 |   918
           D:5 |       0 |     543 |   0.0 |       0 |      12 |   0.0 |  1237
           D:6 |       0 |       1 |   0.0 |       0 |       1 |   0.0 |    25
         Sewer |       0 |     405 |   0.0 |       0 |      57 |   0.0 |  1107
               +---------+---------+-------+---------+---------+-------+---------
